 Dungeon Sprint DCSS version 0.30-a0-528-g8c47a4955b (webtiles) character file.

Game seed: 13831994729765675561

2 rocky1 the Cudgeller (level 1, -2/13 HPs)
             Began as a Gargoyle Gladiator on Dec 24, 2022.
             Slain by Jessica
             ... wielding a +0 dagger
              (4 damage)
             ... in the Dungeon (Sprint III: "The Ten Rune Challenge").
             The game lasted 00:00:29 (72 turns).

rocky1 the Cudgeller (Gargoyle Gladiator)             Turns: 72, Time: 00:00:30

Health: -2/13      AC:  6    Str: 17    XL:     1   Next: 30%
Magic:  1/1        EV: 12    Int:  8    God:
Gold:   0          SH:  0    Dex: 11    Spells: 0/0 levels left

rFire   . . .      SeeInvis .    a - +0 flail
rCold   . . .      Faith    .    (no shield)
rNeg    + . .      Spirit   .    b - +0 leather armour
rPois   ∞          Reflect  .    c - +0 helmet
rElec   +          Harm     .    (no cloak)
rCorr   .          Rampage  .    (no gloves)
Will    .....      NoTele   +    (no boots)
Stlth   +                        l - amulet of the acrobat
HPRegen 0.22/turn                (no ring)
MPRegen 0.07/turn                (no ring)

@: no status effects
A: sickness immunity, AC +2, negative energy resistance 1, electricity
resistance, torment resistance 1, petrification resistance
a: no special abilities


You were in the Dungeon.
You visited 1 branch

Inventory:

Hand Weapons
 a - a +0 flail (weapon)
Missiles
 d - 3 throwing nets (quivered)
 e - a javelin
Armour
 b - a +0 leather armour (worn)
 c - a +0 helmet (worn)
Jewellery
 l - an amulet of the acrobat (around neck)
Scrolls
 k - a scroll of blinking
Potions
 f - a potion of curing
 h - a potion of haste
 i - 2 potions of magic
 j - a potion of berserk rage


   Skills:
 + Level 2.3 Fighting
 + Level 3.3 Maces & Flails
 + Level 1.9 Throwing
 + Level 2.7 Dodging


You couldn't memorise any spells.
You didn't know any spells.
Your spell library was empty.

Dungeon Overview and Level Annotations

Branches:
Dungeon (1/1)

Altars:

Annotations:
D Jessica


Innate Abilities, Weirdness & Mutations

You are immune to sickness and miasma.
Your stone body is resilient. (AC +2)
You are immune to poison.
You resist negative energy. (rN+)
You are resistant to electric shocks. (rElec)
You are resistant to unholy torment.
You are immune to petrification.


Message History

You see here a rat corpse.
l - an amulet of the acrobat You start putting on your amulet.
You continue putting on your amulet of the acrobat. x5
You finish putting on your amulet of the acrobat.
You feel ready to tumble and roll out of harm's way.
l - an amulet of the acrobat (around neck) Jessica the Apprentice Sorceress comes into view.
She is wielding a +0 dagger.
Jessica shouts!
Jessica mumbles some strange words.
Jessica seems to speed up.
You hit Jessica.
Jessica is moderately wounded.
Jessica hits you with a +0 dagger. x2
You closely miss Jessica.
Jessica is moderately wounded.
Jessica hits you with a +0 dagger. x2
* * * LOW HITPOINT WARNING * * *
You feel much better.
Jessica gestures wildly while chanting.
Jessica blinks!
Jessica gestures at you while chanting. Pain shoots through your body!
You hit Jessica.
Jessica is moderately wounded.
Jessica closely misses you.
Jessica casts a spell.
Jessica blinks!
You hit Jessica but do no damage.
Jessica is moderately wounded.
Jessica hits you but does no damage. Jessica misses you.
You barely miss Jessica.
Jessica is moderately wounded.
Jessica hits you with a +0 dagger. x2
You barely miss Jessica.
Jessica is moderately wounded.
Jessica hits you with a +0 dagger.
* * * LOW HITPOINT WARNING * * *
Jessica hits you with a +0 dagger.
You die...

▓▓▓▓▓▓▓▓▓
▓<..#!..####
▓...#......##
▓..##.@.....#
▓##.##@##...#
##.##.## #
▓#.####.#
▓.###..##
▓#.....#
###@.##
##†.## #..##
#..#


You could see Jessica (fast).

Vanquished Creatures
  An endoplasm (D)
  A rat (D)
2 creatures vanquished.

Notes
Turn   | Place    | Note
-------+----------+-------------------------------------------
     0 | D        | rocky1 the Gargoyle Gladiator began the quest for the Orb.
     0 | D        | Reached XP level 1. HP: 12/12 MP: 1/1
    56 | D        | Noticed Jessica
    72 | D        | Slain by Jessica

Illustrated notes

Levels and vault maps discovered:
D:        dungeon_sprint_mu [sprint_mu_entry_cave, sprint_mu_temple_rooms,
          sprint_mu_d1_spiders, sprint_mu_d2_genie, sprint_mu_d3_branching,
          sprint_mu_orc_legion, sprint_mu_elf_gauntlet, sprint_mu_hive_nellie,
          sprint_mu_lair_fedhas, sprint_mu_vaults_butterflies,
          sprint_mu_slime_circle, sprint_mu_swamp_cave, sprint_mu_snake_twists,
          sprint_mu_blade_basic, sprint_mu_crypt_fortress,
          sprint_mu_tomb_spiral, sprint_mu_vestibule_basic,
          sprint_mu_gehenna_hellfire, sprint_mu_dis_giant,
          sprint_mu_tartarus_statrot, sprint_mu_cocytus_islands, sprint_mu_zot1]

Action                   || total
-------------------------++-------
Melee: Flail             ||    12
  Use: Potion            ||     1
 Stab: Sleeping          ||     1
Armor: Leather armour    ||     1
Dodge: Dodged            ||     4

Table legend: (Time is in decaauts)
 A = Elapsed time spent in this place.
 B = Non-inter-level travel time spent in this place.
 C = Inter-level travel time spent in this place.
 D = Time resting spent in this place.
 E = Time spent auto-exploring this place.
 F = Levels seen in this place.
 G = Mean time per level.
                   A        B        C        D        E       F      G
               +--------+--------+--------+--------+--------+-----+--------+
         Total |     74 |     74 |      0 |     23 |     17 |   1 |   74.0 |
       Dungeon |     74 |     74 |      0 |     23 |     17 |   1 |   74.0 |
               +--------+--------+--------+--------+--------+-----+--------+

Top non-repeatable levels by time:
       D: 74 daAuts
